 Dungeon Sprint DCSS version 0.31.0-11-ge490571c62 (webtiles) character file.

Game seed: 5708465918571260765

12355 boopmooplesden the Tortoise (level 11, -3/107 HPs)
             Began as an Armataur Fighter on Jan 31, 2024.
             Was the Champion of Trog.
             Killed from afar by a white draconian (13 damage)
             ... with a blast of cold
             ... in the Dungeon (Sprint VII: "The Pits").
             The game lasted 00:06:58 (4811 turns).

boopmooplesden the Tortoise (Armataur Fighter)      Turns: 4811, Time: 00:06:59

Health: -3/107     AC: 19    Str: 22    XL:     11   Next: 61%
Magic:  3/3        EV:  4    Int:  8    God:    Trog [******]
Gold:   14         SH:  0    Dex: 17    Spells: 10/10 levels left

rFire   . . .        v - +3 double sword (antimagic)
rCold   . . .        c - +0 buckler
rNeg    . . .        u - +3 plate armour
rPois   .            (no helmet)
rElec   .            (no cloak)
rCorr   .            (no gloves)
SInv    +            (no barding)
Will    ++...        (no amulet) Stlth
                     A - ring of see invisible
HPRegen 1.37/turn    r - +3 ring of dexterity
MPRegen 0.08/turn

%: no teleportation, roll
@: mighty, strong-willed, on berserk cooldown, held, regenerating, slowed,
studying Staves, very slow
A: large, deformed body, tough skin 3, armoured tail, roll 2
a: Renounce Religion, Berserk, Trog's Hand, Brothers in Arms


You were in the Dungeon.
You worshipped Trog.
Trog was exalted by your worship.
You visited 1 branch You collected 14 gold pieces.

Inventory:

Hand Weapons
 a - a +0 long sword
 k - a +2 falchion
 o - a +2 long sword of flaming
 t - a +2 scimitar of flaming
 v - a +3 antimagic double sword (weapon)
 w - the +7 eveningstar "Hulir" {heavy, *Rage rC- Dex+6 SInv}
   (Trog gifted it to you in the Dungeon)

   Dex+6:     It affects your dexterity (+6).
   rC-:       It makes you vulnerable to cold.
   SInv:      It lets you see invisible.
   *Rage:     It berserks you when you make melee attacks (+20% chance).
Armour
 b - a +0 scale mail
 c - a +0 buckler (worn)
 p - a +3 chain mail
 u - a +3 plate armour (worn)
Jewellery
 q - a +3 ring of evasion
 r - a +3 ring of dexterity (right hand)
 A - a ring of see invisible (left hand)
 B - a +6 ring of strength
 C - a +6 ring of dexterity
Scrolls
 j - a scroll of blinking
 m - 2 scrolls of vulnerability
 n - a scroll of summoning
 x - 3 scrolls of identify
 y - 6 scrolls of enchant weapon
 z - 4 scrolls of enchant armour
Potions
 e - 8 potions of curing
 f - 10 potions of heal wounds
 g - 3 potions of haste
 h - 4 potions of magic
 i - 5 potions of berserk rage
 l - 2 potions of invisibility
 s - a potion of mutation


   Skills:
 + Level 13.3 Fighting
 + Level 17.0 Long Blades
 + Level 17.9 Armour
 + Level 3.8 Dodging
 + Level 2.9 Stealth
 + Level 10.4 Shields


You had 10 spell levels left.
You didn't know any spells.
Your spell library was empty.

Dungeon Overview and Level Annotations

Branches:
Dungeon (1/1)

Altars:
Cheibriados
Dithmenos
Elyvilon
Fedhas
Gozag
Hepliaklqana
Makhleb
Nemelex Xobeh
Okawaru
Qazlal
Ru
Sif Muna
Trog
Vehumet
Wu Jian
Xom
Yredelemnul
Zin
The Shining One
Jiyva
Lugonu


Innate Abilities, Weirdness & Mutations

Armour fits poorly on your strangely shaped body.
You have extremely tough skin. (AC +3)
You have a long armoured tail.
You regenerate magic and health when rolling toward enemies. (Rampage Regen)


Message History

The redback bites you but does no damage.
The white draconian hits you with a +0 scimitar.
The jumping spider barely misses you.
The jumping spider completely misses you.
You slice the redback!!
You kill the redback!
Trog accepts your kill.
The jumping spider leaps!
The white draconian hits you with a +0 scimitar.
You barely miss the white draconian.
The white draconian is heavily wounded.
You block the white draconian's attack.
Unknown command.
You hit the white draconian.
The white draconian is heavily wounded.
The jumping spider leaps!
The white draconian breathes frost at you.
The blast of cold hits you!
You block the jumping spider's attack. x2
You hit the white draconian.
The white draconian is heavily wounded.
The white draconian hits you with a +0 scimitar!
* * * LOW HITPOINT WARNING * * *
The jumping spider pounces on you!
* * * LOW HITPOINT WARNING * * *
You are caught in a web!
The jumping spider barely misses you.
The white draconian hits you with a +0 scimitar!
* * * LOW HITPOINT WARNING * * *
You feel mightier all of a sudden.
The jumping spider pounces on you but does no damage.
The jumping spider bites you but does no damage.
The jumping spider leaps!
The white draconian hits you with a +0 scimitar.
* * * LOW HITPOINT WARNING * * *
You feel much better.
The white draconian hits you with a +0 scimitar!
* * * LOW HITPOINT WARNING * * *
The jumping spider leaps!
The white draconian breathes frost at you.
The blast of cold hits you!
You die...

#..........+ ###''####''#
###''####''#######
#......##.........
#.#+##.##.........
#.#))+.##.[####### #.+.|#
##..# #†#°:+ #..#
###++###########@°:)# #..#
..........##..##d##s#.##..#
#..#......##..##s.....##.)#
..........''..##########..#
..........''..##########..#
#..#......##..............#
..........##..............#
###''######################
.##''#####
#####################


You could see a white draconian (catching breath), a jumping spider and a
redback.

Vanquished Creatures
  An alligator (D)
  A catoblepas (D)
  2 vampire magi (D)
  A shadow wraith (D)
  An arcanist (D)
  2 deep elf pyromancers (D)
  A cyclops (D)
  A black mamba (D)
  3 unseen horrors (D)
  A rime drake (D)
  A guardian mummy (D)
  A freezing wraith (D)
  A komodo dragon (D)
  4 ice devils (D)
  A troll (D)
  A tyrant leech (D)
  A polar bear (D)
  A tarantella (D)
  A snapping turtle (D)
  4 dream sheep (D)
  An air elemental (D)
  2 spriggans (D)
  A ynoxinul (D)
  A fire bat (D)
  A neqoxec (D)
  3 vampire mosquitoes (D)
  5 redbacks (D)
  Edmund (D)
  2 laughing skulls (D)
  An orc warrior (D)
  2 sky beasts (D)
  An ogre (D)
  A crocodile (D)
  A wolf (D)
  A brain worm (D)
  2 necrophages (D)
  4 killer bees (D)
  A jelly (D)
  An orc priest (D)
  2 gnolls (D)
  3 adders (D)
  A river rat (D)
  An adder zombie (D)
  A ribbon worm (D)
  2 orcs (D)
  A bat skeleton (D)
  2 endoplasms (D)
  3 giant cockroaches (D)
  A quokka (D)
  A ball python skeleton (D)
  2 frilled lizards (D)
  A jackal simulacrum (D)
  2 kobolds (D)
  A quokka zombie (D)
  2 rats (D)
88 creatures vanquished.

Notes
Turn   | Place    | Note
-------+----------+-------------------------------------------
     0 | D        | boopmooplesden the Armataur Fighter began the quest for the
                  | Orb.
     0 | D        | Reached XP level 1. HP: 18/18 MP: 1/1
    16 | D        | Found a bloodstained altar of Trog.
    16 | D        | Found a shimmering blue altar of Sif Muna.
    16 | D        | Found a viscous altar of Jiyva.
    16 | D        | Found a hazy altar of Hepliaklqana.
    16 | D        | Found an opulent altar of Gozag.
    17 | D        | Found a glowing golden altar of the Shining One.
    17 | D        | Found a glowing silver altar of Zin.
    17 | D        | Found a basalt altar of Yredelemnul.
    17 | D        | Found a shimmering altar of Xom.
    17 | D        | Found an ornate altar of the Wu Jian Council.
    17 | D        | Found a sacrificial altar of Ru.
    17 | D        | Found a stormy altar of Qazlal.
    17 | D        | Found an iron altar of Okawaru.
    17 | D        | Found a sparkling altar of Nemelex Xobeh.
    17 | D        | Found a burning altar of Makhleb.
    17 | D        | Found a blossoming altar of Fedhas.
    17 | D        | Found a white marble altar of Elyvilon.
    17 | D        | Found a shadowy altar of Dithmenos.
    17 | D        | Found a snail-covered altar of Cheibriados.
    18 | D        | Found a radiant altar of Vehumet.
    18 | D        | Found a corrupted altar of Lugonu.
    20 | D        | Became a worshipper of Trog the Wrathful
    59 | D        | Reached * piety under Trog
    60 | D        | Reached XP level 2. HP: 23/26 MP: 2/2
    84 | D        | Reached ** piety under Trog
    85 | D        | Reached skill level 5 in Armour
    94 | D        | Reached XP level 3. HP: 33/33 MP: 3/3
   155 | D        | Noticed a brain worm
   159 | D        | Reached *** piety under Trog
   163 | D        | Killed a brain worm
   164 | D        | Reached skill level 5 in Shields
   164 | D        | Reached XP level 4. HP: 41/41 MP: 4/4
   167 | D        | Reached skill level 5 in Fighting
   175 | D        | Noticed a fire bat
   175 | D        | Noticed a crocodile
   189 | D        | Killed a crocodile
   190 | D        | Reached XP level 5. HP: 17/50 MP: 5/5
   201 | D        | Killed a fire bat
   201 | D        | Reached **** piety under Trog
   202 | D        | Reached skill level 1 in Dodging
   202 | D        | Reached XP level 6. HP: 21/58 MP: 6/6
   334 | D        | Noticed an air elemental
   334 | D        | Paralysed by an air elemental for 1 turns
   338 | D        | Paralysed by an air elemental for 1 turns
   339 | D        | Killed an air elemental
   552 | D        | Noticed a sky beast
   560 | D        | Gained mutation: You regenerate magic and health when
                  | rolling toward enemies. (Rampage Regen) [Armataur growth]
   560 | D        | Reached XP level 7. HP: 47/64 MP: 7/7
   563 | D        | Reached ***** piety under Trog
   583 | D        | Reached skill level 10 in Long Blades
   850 | D        | Noticed a polar bear
   861 | D        | Killed an unseen horror
   862 | D        | Reached skill level 10 in Armour
   867 | D        | Reached XP level 8. HP: 66/74 MP: 8/8
   874 | D        | Killed a polar bear
  1106 | D        | Noticed a dream sheep
  1106 | D        | Noticed a dream sheep
  1106 | D        | Noticed a dream sheep
  1106 | D        | Noticed a dream sheep
  1111 | D        | Killed a dream sheep
  1112 | D        | Reached skill level 1 in Stealth
  1113 | D        | Killed a dream sheep
  1113 | D        | Received a gift from Trog
  1118 | D        | Killed a dream sheep
  1132 | D        | Killed a dream sheep
  1133 | D        | Reached XP level 9. HP: 82/82 MP: 9/9
  1139 | D        | Noticed an ice devil
  1139 | D        | Noticed an ice devil
  1145 | D        | Killed an ice devil
  1147 | D        | Killed an ice devil
  1284 | D        | Reached ****** piety under Trog
  1780 | D        | Received a gift from Trog
  2005 | D        | Noticed a vampire mage
  2005 | D        | Noticed an ice devil
  2015 | D        | Killed a vampire mage
  2016 | D        | Reached skill level 10 in Fighting
  2016 | D        | Reached XP level 10. HP: 77/93 MP: 3/10
  2019 | D        | Reached skill level 15 in Armour
  2227 | D        | Noticed Edmund
  2232 | D        | Received a gift from Trog
  2239 | D        | Killed Edmund
  2484 | D        | Noticed an alligator
  2484 | D        | Noticed a cyclops
  2490 | D        | Killed a cyclops
  2497 | D        | Killed an alligator
  2507 | D        | Killed a shadow wraith
  2508 | D        | Reached skill level 15 in Long Blades
  3060 | D        | Identified the +7 eveningstar "Hulir" {heavy, *Rage rC-
                  | Dex+6 SInv} (Trog gifted it to you in the Dungeon)
  3060 | D        | Received a gift from Trog
  3101 | D        | Received a gift from Trog
  3110 | D        | Reached XP level 11. HP: 37/104 MP: 3/11
  3712 | D        | Noticed a deep elf pyromancer
  3727 | D        | Killed a deep elf pyromancer
  3731 | D        | Received a gift from Trog
  4243 | D        | Noticed a vampire mage
  4255 | D        | Killed a vampire mage
  4305 | D        | Noticed a catoblepas
  4316 | D        | Killed a catoblepas
  4370 | D        | Noticed a deep elf pyromancer
  4375 | D        | Reached skill level 10 in Shields
  4389 | D        | Killed a deep elf pyromancer
  4772 | D        | Found the +8 trishula "Condemnation" {holy, anguish, *Noise
                  | Fly rN+}
  4772 | D        | Noticed an arcanist
  4778 | D        | Noticed a white draconian
  4778 | D        | Found the +11 plutonium sword {^Contam Stlth-}
  4780 | D        | Received a gift from Trog
  4785 | D        | Killed an arcanist
  4809 | D        | HP: 1/107 [white draconian/+0 scimitar (16)]
  4811 | D        | Killed from afar by a white draconian

Illustrated notes

Levels and vault maps discovered:
D:        pitsprint [storerooms_1, entrance_room_1, metal_vault_2, armoury_1,
          mini_pit_1, grid_room_1, main_hall_1, silver_pit, the_coven_1,
          the_vestibule_1, steel_vault_2, golden_pit, hallway_of_sentries,
          crystal_vault_4, iron_vault_1, final_vault]

Skill      XL: |  1  2  3  4  5  6  7  8  9 10 11 |
---------------+----------------------------------+-----
Fighting       | 3 4 5 6 7 8 10 11 13 | 13.3
Armour         | 4 5 6 7 8 9 10 12 14 16 17 | 17.9
Long Blades    | 2 3 4 6 7 9 11 12 14 15 17 | 17.0
Shields        | 4 5 6 7 8 9 10 | 10.4
Dodging        | 1 2 3 |  3.8
Stealth        | 1 2 |  2.9

Action                     |  1- 3 |  4- 6 |  7- 9 | 10-12 || total
---------------------------+-------+-------+-------+-------++-------
  Melee: Falchion          |    28 |       |       |       ||    28
         Long sword        |     4 |    31 |    43 |       ||    78
         Tailslap          |     1 |     5 |    14 |    32 ||    52
         Scimitar          |       |       |    73 |       ||    73
         Double sword      |       |       |     9 |   181 ||   190
 Invoke: Berserk           |     2 |       |     4 |     7 ||    13
         Trog's Hand       |       |     1 |       |     1 ||     2
         Brothers in Arms  |       |       |       |     1 ||     1
    Use: Potion            |       |       |     6 |     6 ||    12
 Armour: Scale mail        |    18 |       |       |       ||    18
         Chain mail        |     1 |    37 |    40 |       ||    78
         Plate armour      |       |       |   102 |   218 ||   320
  Dodge: Dodged            |    10 |    18 |    40 |    62 ||   130
  Block: Buckler           |     1 |    11 |    18 |    58 ||    88
